Map: New Repugnancy LE

Players

ulc - Winner!

  • Race: Zerg Zerg
  • League: Diamond
  • Spawn Location: 1:00

Mez

  • Race: Terran Terran
  • League: Master
  • Spawn Location: 7:00

VOD

Have the link to the VOD?

Description

Time

  • Played on: Aug. 1, 2019, 4:44 a.m.
  • Length: 11:02
Show
View Real Time Build Order
Export as new Build Order

ulc Zerg - Winner!

Build Orders: Hatch First, Muta Ling Bane 

Get SALT Encoding   

  12  0:01  Drone  
  13  0:12  Overlord  
  13  0:17  Drone  
  14  0:30  Drone x2  
  16  0:51  Hatchery  
  16  0:54  Drone  
  16  1:10  Spawning Pool  
  15  1:11  Drone  
  16  1:33  Hatchery  
  16  1:36  Drone  
  16  1:40  Drone  
  16  1:44  Extractor  
  16  1:45  Drone  
  17  1:48  Drone  
  18  1:58  Queen  
  20  2:08  Queen  
  20  2:15  Zergling x4  
  24  2:20  Zergling x2  
  25  2:24  Overlord  
  25  2:29  Zergling x2  
  26  2:32  Drone  
  27  2:42  Zergling x2  
  27  2:44  Drone x2  
  31  2:51  Drone  
  31  2:56  Queen  
  33  3:06  Drone x3  
  36  3:22  Drone  
  36  3:23  Drone x4  
  36  3:24  Zergling x2  
  42  3:28  Overlord  
  42  3:36  Lair  
  42  3:40  Overlord, Extractor  
  41  3:48  Zergling x6  
  43  3:53  Drone x4  
  44  4:11  Drone x7  
  44  4:13  Overlord  
  44  4:16  Extractor  
  50  4:18  Extractor  
  50  4:24  Baneling Nest  
  48  4:30  Metabolic Boost  
  43  4:48  Zergling x16  
  43  4:49  Zergling x8  
  55  5:06  Centrifical Hooks  
  55  5:07  Spire  
  55  5:14  Overlord x4  
  53  5:29  Overlord  
  50  5:55  Drone x3  
  50  5:56  Drone x3  
  56  5:58  Drone x7  
  56  6:00  Hatchery  
  62  6:22  Mutalisk x4  
  70  6:30  Evolution Chamber  
  70  6:31  Evolution Chamber  
  68  6:33  Mutalisk  
  68  6:39  Drone x5  
  75  6:57  Overlord x5  
  75  6:58  Overlord  
  75  7:00  Hatchery  
  75  7:01  Zerg Melee Weapons Level 1  
  74  7:04  Zerg Ground Armor Level 1  
  74  7:08  Mutalisk  
  74  7:13  Overlord  
  76  7:25  Mutalisk x3  
  82  7:35  Drone x9  
  91  7:47  Baneling x6  
  91  7:48  Baneling x3  
  91  7:49  Zergling x8  
  94  7:57  Extractor  
  94  7:58  Extractor  
  90  8:02  Baneling x3  
  90  8:03  Zergling x14  
  97  8:11  Baneling x6  
  92  8:26  Zergling x14  
  92  8:27  Zergling x18  
  87  9:05  Mutalisk x6  
  87  9:06  Mutalisk x2  
  87  9:20  Drone x3  
  87  9:21  Drone x7  
  87  9:22  Zergling x4  
  87  9:23  Zergling x14  
  104  9:30  Hatchery  
  103  9:32  Mutalisk x2  
  103  9:38  Extractor  
  110  9:41  Infestation Pit  
  105  9:52  Baneling x3  
  105  9:53  Zergling x20  
  113  10:14  Baneling x13  
  113  10:15  Zergling x12, Baneling x2  
  113  10:16  Zergling x10  
  113  10:19  Drone x2  
  113  10:20  Drone x3  
  129  10:24  Queen  
Show
View Real Time Build Order
Export as new Build Order

Mez Terran 

Build Orders: Reaper Expand 

Get SALT Encoding   

  12  0:01  SCV  
  13  0:13  SCV  
  14  0:17  Supply Depot  
  14  0:25  SCV  
  15  0:39  SCV  
  15  0:40  Barracks  
  16  0:46  Refinery  
  16  0:51  SCV  
  17  1:03  SCV  
  18  1:15  SCV  
  19  1:28  Orbital Command  
  19  1:29  Reaper  
  20  1:39  Bunker  
  20  1:49  Command Center  
  20  1:55  SCV  
  21  2:04  Barracks Reactor  
  21  2:09  SCV  
  21  2:10  Barracks  
  22  2:22  SCV  
  23  2:23  Supply Depot  
  23  2:28  Barracks  
  23  2:44  Marine x2  
  23  2:45  SCV  
  26  2:57  SCV  
  27  3:03  Bunker, Marine  
  27  3:04  Marine  
  27  3:05  Orbital Command, Barracks Tech Lab  
  28  3:09  SCV  
  29  3:20  Marine  
  29  3:21  SCV, Marine x2  
  29  3:26  Combat Shield  
  33  3:28  Marine  
  33  3:33  SCV x2  
  36  3:41  Marine x3  
  36  3:46  Marine  
  40  3:53  SCV  
  40  3:54  SCV  
  42  3:56  Supply Depot  
  42  3:59  Supply Depot  
  42  4:00  Engineering Bay  
  39  4:10  Marine x4  
  43  4:21  SCV  
  44  4:28  Marine x2  
  46  4:56  Marine x3  
  46  4:59  Orbital Command  
  49  5:03  Stimpack  
  49  5:11  Factory  
  49  5:12  Refinery, Barracks x2  
  49  5:13  Command Center  
  49  5:26  Marine, Orbital Command  
  49  5:27  Marine x3  
  53  5:31  SCV x2  
  45  5:44  Marine x2  
  47  5:50  SCV  
  47  5:53  Barracks Reactor  
  48  5:58  Factory Reactor  
  48  5:59  SCV  
  48  6:00  Starport  
  48  6:02  SCV  
  50  6:05  Marine  
  50  6:06  Marine  
  50  6:07  Supply Depot  
  50  6:10  Marine  
  54  6:11  SCV  
  54  6:17  SCV  
  55  6:18  Barracks Reactor  
  55  6:23  SCV, Marine  
  55  6:24  Marine  
  58  6:29  SCV  
  58  6:31  Terran Infantry Weapons Level 1  
  59  6:32  Orbital Command  
  59  6:35  SCV  
  60  6:44  SCV  
  60  6:46  Medivac  
  63  6:47  SCV, Factory Reactor  
  63  6:48  Refinery  
  63  6:50  Refinery  
  63  6:52  Supply Depot  
  63  6:53  Medivac  
  66  6:55  Marine x2  
  66  6:58  Marine x2  
  70  7:02  Barracks Reactor  
  70  7:06  SCV x2  
  70  7:08  Marine x3  
  73  7:13  Marine  
  76  7:22  Missile Turret  
  75  7:24  Missile Turret  
  75  7:27  Missile Turret  
  75  7:29  Medivac x2  
  76  7:35  SCV x3  
  78  7:38  Marine x2  
  78  7:39  Marine x3  
  83  7:44  Marine x3, Orbital Command  
  82  8:01  Marine x6  
  82  8:03  SCV x2  
  82  8:05  Widow Mine  
  92  8:06  Missile Turret  
  92  8:13  Marine  
  92  8:15  Marine  
  92  8:17  Widow Mine  
  77  8:25  Marine x5  
  77  8:26  Marine x2  
  78  8:29  SCV x3  
  78  8:30  Marine  
  82  8:37  Marine  
  79  8:41  SCV x2  
  79  8:43  Marine x2  
  69  8:50  Marine x6  
  69  8:55  Marine  
  65  9:00  SCV x2  
  65  9:01  Marine x2  
  58  9:07  Marine  
  58  9:08  Marine x5  
  59  9:12  Marine  
  59  9:13  SCV x3  
  56  9:19  Marine x2  
  57  9:25  SCV x2, Marine  
  57  9:26  SCV  
  61  9:35  Missile Turret  
  61  9:37  SCV  
  62  9:40  Marine x6  
  62  9:41  Widow Mine x2  
  62  9:42  Medivac  
  74  9:54  SCV, Medivac  
  77  10:01  SCV  
  77  10:03  SCV  
  77  10:04  Supply Depot x2  
  72  10:18  Missile Turret, SCV x3  
  75  10:22  Widow Mine, Missile Turret  
  75  10:25  Widow Mine  
  75  10:28  Marine x9  
  80  10:30  SCV  
  47  11:01  Supply Depot  
Tags
 
Add a new tag
Caveats
  • Supply blocks, unpowered buildings, or Contaminate may cause inaccurate times.
  • Supply counts are checked every 10 seconds.